3AAA
ALASKAN HUMPBACKS @ SUNSET DISTRICT FOG
06/17/2021
 
TOP OF THE 1ST
Alaskan Humpbacks batting - Pitching for Sunset District Fog : RHP Rich Wright
Pitching: RHP Rich Wright
Batting: RHB Héctor Villarreal 0-0: Called Strike
0-1: Swinging Strike
0-2: Foul Ball, location: 2F
0-2: Ball
1-2: Ball
2-2: Ball
3-2: Strikes out swinging
Batting: LHB James Sorensen 0-0: Ball
1-0: Ball
2-0: Foul Ball, location: 2F
2-1: Ground out 1-3 (Groundball, 23)
Batting: RHB Dave Farr 0-0: Called Strike
0-1: Ground out 4-3 (Groundball, 4)
Top of the 1st over - 0 run(s), 0 hit(s), 0 error(s), 0 left on base; Alaskan 0 - Sunset District 0
BOTTOM OF THE 1ST
Sunset District Fog batting - Pitching for Alaskan Humpbacks : RHP Bill Kelly
Pitching: RHP Bill Kelly
Batting: RHB Manuel Rodríguez 0-0: Ball
1-0: SINGLE (Groundball, 6M) (infield hit)
Batting: RHB Francisco Torres 0-0: Ground out 5-3 (Groundball, 5S)
Manuel Rodríguez to second
Batting: SHB Al Anderson 0-0: Called Strike
0-1: Foul Ball, location: 2F
0-2: Ball
1-2: Fly out, F6 (Popup, 56D)
Batting: LHB Todd Henry 0-0: Ground out 3-1 (Groundball, 34S)
Bottom of the 1st over - 0 run(s), 1 hit(s), 0 error(s), 1 left on base; Alaskan 0 - Sunset District 0
TOP OF THE 2ND
Alaskan Humpbacks batting - Pitching for Sunset District Fog : RHP Rich Wright
Batting: LHB Guomez Nabeiro 0-0: Swinging Strike
0-1: Ground out U3 (Groundball, 3L)
Batting: RHB Fernando Camacho 0-0: Ball
1-0: SINGLE (Groundball, 6MD)
Batting: LHB Paco Hernández 0-0: Swinging Strike
0-1: Ball
1-1: Ball
2-1: SINGLE (Groundball, 3L)
Fernando Camacho to second
Batting: RHB Orlando Jiménez 0-0: Ball
1-0: Ball
2-0: Ball
3-0: Called Strike
3-1: Foul Ball, location: 2F
3-2: Strikes out swinging
Batting: SHB Josef Koper 0-0: Called Strike
0-1: Ball
1-1: Ball
2-1: Ball
3-1: Base on Balls
Fernando Camacho to third
Paco Hernández to second
Batting: RHB Andrew Rowland 0-0: Swinging Strike
0-1: Foul Ball, location: 2F
0-2: Strikes out swinging
Top of the 2nd over - 0 run(s), 2 hit(s), 0 error(s), 3 left on base; Alaskan 0 - Sunset District 0
BOTTOM OF THE 2ND
Sunset District Fog batting - Pitching for Alaskan Humpbacks : RHP Bill Kelly
Batting: RHB Luis Silva 0-0: Foul Ball, location: 2F
0-1: Foul Ball, location: 2F
0-2: Ball
1-2: Ball
2-2: Fly out, F8 (Flyball, 8RS)
Batting: LHB Jesús Quintanilla 0-0: Called Strike
0-1: Foul Ball, location: 2F
0-2: Hit by Pitch
Batting: RHB Rafael Najcrea 0-0: Called Strike
0-1: Ball
1-1: Ball
Wild Pitch!
Jesús Quintanilla to second
2-1: Foul Ball, location: 2F
2-2: Foul Ball, location: 2F
2-2: Ball
3-2: Strikes out looking
Batting: LHB Ron Frazier 0-0: Ball
1-0: Swinging Strike
1-1: Ball
2-1: Called Strike
2-2: SINGLE (Groundball, 13) (infield hit)
Jesús Quintanilla to third
Batting: RHB Jim Allen 0-0: Swinging Strike
0-1: Called Strike
0-2: Ball
1-2: Strikes out looking
Bottom of the 2nd over - 0 run(s), 1 hit(s), 0 error(s), 2 left on base; Alaskan 0 - Sunset District 0
TOP OF THE 3RD
Alaskan Humpbacks batting - Pitching for Sunset District Fog : RHP Rich Wright
Batting: RHB Héctor Villarreal 0-0: Called Strike
0-1: Foul Ball, location: 2F
0-2: Strikes out swinging
Batting: LHB James Sorensen 0-0: Ball
1-0: Ball
2-0: Foul Ball, location: 2F
2-1: Fly out, F7 (Flyball, 7S)
Batting: RHB Dave Farr 0-0: Ball
1-0: Swinging Strike
1-1: Ball
2-1: Ball
3-1: Fly out, F9 (Flyball, 9M)
Top of the 3rd over - 0 run(s), 0 hit(s), 0 error(s), 0 left on base; Alaskan 0 - Sunset District 0
BOTTOM OF THE 3RD
Sunset District Fog batting - Pitching for Alaskan Humpbacks : RHP Bill Kelly
Batting: RHB Manuel Rodríguez 0-0: SINGLE (Groundball, 56D) (infield hit)
Batting: RHB Francisco Torres 0-0: Called Strike
0-1: Swinging Strike
0-2: Ball
1-2: Ball
2-2: Ball
3-2: Foul Ball, location: 2F
3-2: Base on Balls
Manuel Rodríguez to second
Batting: SHB Al Anderson 0-0: Called Strike
0-1: Ball
1-1: Foul Ball, location: 2F
1-2: Strikes out swinging
Batting: LHB Todd Henry 0-0: Ball
1-0: Ball
Manuel Rodríguez is caught stealing 3rd base
Francisco Torres to second
2-0: Ball
Wild Pitch!
Francisco Torres to third
3-0: Called Strike
3-1: Foul Ball, location: 2F
3-2: Base on Balls
Batting: RHB Luis Silva 0-0: Ball
1-0: SINGLE (Groundball, 4MD)
Francisco Torres scores
Todd Henry to second
Batting: LHB Jesús Quintanilla 0-0: Ground out 4-3 (Groundball, 4)
Bottom of the 3rd over - 1 run(s), 2 hit(s), 0 error(s), 2 left on base; Alaskan 0 - Sunset District 1
TOP OF THE 4TH
Alaskan Humpbacks batting - Pitching for Sunset District Fog : RHP Rich Wright
Batting: LHB Guomez Nabeiro 0-0: Ball
1-0: Ball
2-0: Ball
3-0: Base on Balls
Batting: RHB Fernando Camacho 0-0: Called Strike
0-1: Ball
1-1: Swinging Strike
1-2: Foul Ball, location: 2F
1-2: Strikes out swinging
Batting: LHB Paco Hernández 0-0: Fly out, F8 (Flyball, 8RM)
Batting: RHB Orlando Jiménez 0-0: Ball
1-0: Swinging Strike
1-1: Swinging Strike
1-2: Strikes out swinging
Top of the 4th over - 0 run(s), 0 hit(s), 0 error(s), 1 left on base; Alaskan 0 - Sunset District 1
BOTTOM OF THE 4TH
Sunset District Fog batting - Pitching for Alaskan Humpbacks : RHP Bill Kelly
Batting: RHB Rafael Najcrea 0-0: Swinging Strike
0-1: SINGLE (Line Drive, 78M)
Batting: LHB Ron Frazier 0-0: Fly out, F6 (Line Drive, 6)
Batting: RHB Jim Allen 0-0: Called Strike
0-1: Called Strike
0-2: Foul Ball, location: 2F
0-2: Strikes out swinging
Batting: RHB Manuel Rodríguez 0-0: Ball
1-0: Called Strike
1-1: Ball
2-1: Foul Ball, location: 2F
2-2: Fly out, F6 (Popup, 6M)
Bottom of the 4th over - 0 run(s), 1 hit(s), 0 error(s), 1 left on base; Alaskan 0 - Sunset District 1
TOP OF THE 5TH
Alaskan Humpbacks batting - Pitching for Sunset District Fog : RHP Rich Wright
Batting: SHB Josef Koper 0-0: Ball
1-0: Fly out, F9 (Flyball, 9D)
Batting: RHB Andrew Rowland 0-0: Ball
1-0: Ball
2-0: Ball
3-0: Called Strike
3-1: SINGLE (Groundball, 56D)
Batting: RHB Héctor Villarreal 0-0: Swinging Strike
0-1: Called Strike
0-2: Strikes out swinging
Batting: LHB James Sorensen 0-0: Ball
1-0: Ground out U3 (Groundball, 3)
Top of the 5th over - 0 run(s), 1 hit(s), 0 error(s), 1 left on base; Alaskan 0 - Sunset District 1
BOTTOM OF THE 5TH
Sunset District Fog batting - Pitching for Alaskan Humpbacks : RHP Bill Kelly
Batting: RHB Francisco Torres 0-0: Called Strike
0-1: Swinging Strike
0-2: Strikes out swinging
Batting: SHB Al Anderson 0-0: Ball
1-0: Called Strike
1-1: Called Strike
1-2: Strikes out looking
Batting: LHB Todd Henry 0-0: Called Strike
0-1: Ball
1-1: Ball
2-1: Foul Ball, location: 2F
2-2: Foul Ball, location: 2F
2-2: Ground out 4-3 (Groundball, 34)
Bottom of the 5th over - 0 run(s), 0 hit(s), 0 error(s), 0 left on base; Alaskan 0 - Sunset District 1
TOP OF THE 6TH
Alaskan Humpbacks batting - Pitching for Sunset District Fog : RHP Rich Wright
Batting: RHB Dave Farr 0-0: Swinging Strike
0-1: Foul Ball, location: 2F
0-2: SINGLE (Groundball, 56D)
Batting: LHB Guomez Nabeiro 0-0: Called Strike
0-1: Swinging Strike
0-2: Foul Ball, location: 2F
0-2: Strikes out swinging
Batting: RHB Fernando Camacho 0-0: Foul Ball, location: 2F
0-1: SINGLE (Line Drive, 9LS)
Dave Farr to second
Batting: LHB Paco Hernández 0-0: Called Strike
0-1: Ground out U3 (Groundball, 3L)
Dave Farr to third
Fernando Camacho to second
Batting: RHB Orlando Jiménez 0-0: Ball
1-0: Called Strike
1-1: Swinging Strike
1-2: Strikes out swinging
Top of the 6th over - 0 run(s), 2 hit(s), 0 error(s), 2 left on base; Alaskan 0 - Sunset District 1
BOTTOM OF THE 6TH
Sunset District Fog batting - Pitching for Alaskan Humpbacks : RHP Bill Kelly
Batting: RHB Luis Silva 0-0: Called Strike
0-1: Ball
1-1: Called Strike
1-2: Ball
2-2: Strikes out swinging
Batting: LHB Jesús Quintanilla 0-0: Ball
1-0: Ball
2-0: SINGLE (Line Drive, 9LM)
Batting: RHB Rafael Najcrea 0-0: Ball
1-0: Foul Ball, location: 2F
1-1: Ball
2-1: Called Strike
2-2: Foul Ball, location: 2F
2-2: Foul Ball, location: 2F
2-2: Ball
3-2: Fly out, F7 (Flyball, 7M)
Batting: LHB Ron Frazier 0-0: Ball
Jesús Quintanilla is caught stealing 2nd base
Bottom of the 6th over - 0 run(s), 1 hit(s), 0 error(s), 0 left on base; Alaskan 0 - Sunset District 1
TOP OF THE 7TH
Alaskan Humpbacks batting - Pitching for Sunset District Fog : RHP Rich Wright
Batting: SHB Josef Koper 0-0: Called Strike
0-1: Ball
1-1: Swinging Strike
1-2: Foul Ball, location: 2F
1-2: Foul Ball, location: 2F
1-2: Foul Ball, location: 2F
1-2: Strikes out swinging
Batting: RHB Andrew Rowland 0-0: Called Strike
0-1: Ball
1-1: Ground out 4-3 (Groundball, 4MS)
Batting: RHB Héctor Villarreal 0-0: Called Strike
0-1: Foul Ball, location: 2F
0-2: Ball
1-2: Ground out 3-1 (Groundball, 34)
Top of the 7th over - 0 run(s), 0 hit(s), 0 error(s), 0 left on base; Alaskan 0 - Sunset District 1
BOTTOM OF THE 7TH
Sunset District Fog batting - Pitching for Alaskan Humpbacks : RHP Bill Kelly
Batting: LHB Ron Frazier 0-0: Called Strike
0-1: Ball
1-1: Ball
2-1: Ground out 4-3 (Groundball, 13)
Batting: RHB Jim Allen 0-0: Ball
1-0: Foul Ball, location: 2F
1-1: Foul Ball, location: 2F
1-2: Ball
2-2: Foul Ball, location: 2F
2-2: Ball
3-2: SINGLE (Groundball, 34S)
Pinch Hitting: LHB Randy Daugherty 0-0: Grounds into double play, 4-6-3 (Groundball, 4)
Bottom of the 7th over - 0 run(s), 1 hit(s), 0 error(s), 0 left on base; Alaskan 0 - Sunset District 1
TOP OF THE 8TH
Alaskan Humpbacks batting - Pitching for Sunset District Fog : RHP Rich Wright
Now in RF: Randy Daugherty
Batting: LHB James Sorensen 0-0: Ball
1-0: Ground out 4-3 (Groundball, 4)
Batting: RHB Dave Farr 0-0: Called Strike
0-1: Ball
1-1: Foul Ball, location: 2F
1-2: Strikes out swinging
Batting: LHB Guomez Nabeiro 0-0: Ball
1-0: Foul Ball, location: 2F
1-1: Ball
2-1: Called Strike
2-2: Ball
3-2: Strikes out swinging
Top of the 8th over - 0 run(s), 0 hit(s), 0 error(s), 0 left on base; Alaskan 0 - Sunset District 1
BOTTOM OF THE 8TH
Sunset District Fog batting - Pitching for Alaskan Humpbacks : RHP Bill Kelly
Batting: RHB Francisco Torres 0-0: Foul Ball, location: 2F
0-1: Called Strike
0-2: Foul Ball, location: 2F
0-2: Foul Ball, location: 2F
0-2: Ball
1-2: Strikes out looking
Batting: SHB Al Anderson 0-0: Called Strike
0-1: Called Strike
0-2: Foul Ball, location: 2F
0-2: Ball
1-2: Strikes out swinging
Batting: LHB Todd Henry 0-0: Fly out, F8 (Flyball, 8RD)
Bottom of the 8th over - 0 run(s), 0 hit(s), 0 error(s), 0 left on base; Alaskan 0 - Sunset District 1
TOP OF THE 9TH
Alaskan Humpbacks batting - Pitching for Sunset District Fog : RHP Rich Wright
Now at SS: Michael Hart
Pinch Hitting: RHB Juan García 0-0: Ball
1-0: Called Strike
1-1: DOUBLE (Line Drive, 7LS)
Batting: LHB Paco Hernández 0-0: Swinging Strike
0-1: Swinging Strike
0-2: Strikes out looking
Pitching: RHP Jeff Wright
Pinch Hitting: SHB Charles Waller 0-0: Ball
1-0: Ball
2-0: Ball
3-0: Called Strike
3-1: Called Strike
3-2: Base on Balls
Pinch Hitting: RHB Jared Smith 0-0: Ball
1-0: Called Strike
1-1: Called Strike
1-2: Ball
2-2: Ball
3-2: Base on Balls
Juan García to third
Charles Waller to second
Batting: RHB Andrew Rowland 0-0: Fly out, F9 (Flyball, 9LS)
Pinch Hitting: RHB Jim Unknown 0-0: Ball
1-0: SINGLE (Line Drive, 7S)
Juan García scores
Charles Waller to third
Jared Smith to second
Runner from 3rd tries for Home, SAFE, no throw or cutoff
Batting: LHB James Sorensen 0-0: Foul Ball, location: 2F
0-1: Ball
1-1: Ball
2-1: Ball
3-1: Foul Ball, location: 2F
3-2: Strikes out swinging
Top of the 9th over - 2 run(s), 2 hit(s), 0 error(s), 2 left on base; Alaskan 2 - Sunset District 1
BOTTOM OF THE 9TH
Sunset District Fog batting - Pitching for Alaskan Humpbacks : RHP Bill Kelly
Now at C: Jim Unknown
Now at 1B: Charles Waller
Now in LF: Juan García
Now in RF: Jared Smith
Pinch Hitting: LHB David Hunt 0-0: Foul Ball, location: 2F
0-1: Ball
1-1: Foul Ball, location: 2F
1-2: DOUBLE (Line Drive, 78S)
Pitching: RHP Juan Hernández
Batting: LHB Jesús Quintanilla 0-0: Ball
1-0: Foul Ball, location: 2F
1-1: Swinging Strike
1-2: Ball
2-2: Ball
3-2: Strikes out swinging
Pinch Hitting: LHB Jim Unknown 0-0: Ball
1-0: Foul Ball, location: 2F
1-1: Ball
2-1: Ball
3-1: Base on Balls
Pinch Runner at 2nd Shane Franklin:
Batting: LHB Ron Frazier 0-0: Swinging Strike
0-1: DOUBLE (Flyball, 89D)
Shane Franklin scores
Jim Unknown to third
Batting: RHB Jim Allen 0-0: Intentional Walk
Batting: LHB Randy Daugherty 0-0: Ball
1-0: SINGLE (Groundball, 13) (infield hit)
Jim Unknown scores
This league is powered by Out of the Park Baseball, the baseball management simulation game for PC, Mac and Linux
Friday, January 22nd, 2016 - OOTP Baseball 16.9 Build 39